 Dungeon Crawl Stone Soup version 0.29.1-1-gd02db6906a (webtiles) character file.

Game seed: 13006813472984189391

44 Senryu the Stinger (level 3, -1/15 HPs)
             Began as a Felid Venom Mage on Sept 29, 2022.
             Was an Initiate of Gozag.
             Succumbed to an adder's poison
             ... on level 3 of the Dungeon.
             The game lasted 00:08:49 (1593 turns).

Senryu the Stinger (Felid Venom Mage)               Turns: 1593, Time: 00:08:49

Health: -1/15      AC:  1    Str:  6    XL:     3   Next: 41%
Magic:  5/7        EV: 17    Int: 16    God:    Gozag
Gold:   40         SH:  0    Dex: 16    Spells: 2/6 levels left
                                        Lives:  0   Deaths: 0

rFire   + . .      SeeInvis +   (weapon unavailable)
rCold   x . .      Faith    .   (shield unavailable)
rNeg    . . .      Spirit   .   (body armour unavailable)
rPois   .          Reflect  .   (helmet unavailable)
rElec   .          Harm     .   (cloak unavailable)
rCorr   .          Rampage  .   (gloves unavailable)
Will    .....                   (boots unavailable)
Stlth   ++........              (no amulet)
HPRegen 0.05/turn               b - ring of fire
MPRegen 0.10/turn               (no ring)

@: lethally poisoned (-1 -> -3), gold aura, on berserk cooldown, slowed, slow
A: very small, claws 1, fangs 3, see invisible, speed 1, shaggy fur 1, stealthy
paws, no weapons or thrown items, no armour, multi-lived
a: Renounce Religion, Potion Petition, Call Merchant, Bribe Branch


You were on level 3 of the Dungeon.
You worshipped Gozag.
Gozag was noncommittal.
You visited 2 branches of the dungeon, and saw 5 of its levels.

You collected 102 gold pieces.
You paid 62 gold pieces to Gozag.

Inventory:

Jewellery
 b - a ring of fire (left paw)
 f - a ring of positive energy
Scrolls
 d - a scroll of identify
 i - 2 scrolls of immolation
Potions
 a - a potion of magic
 c - a potion of mutation {unknown}
 g - a potion of cancellation {unknown}


   Skills:
 * Level 0.3 Fighting
 * Level 3.0 Dodging
 * Level 2.8 Stealth
 * Level 0.5 Unarmed Combat
 * Level 2.3 Spellcasting
 * Level 0.4 Summonings
 * Level 1.3 Transmutations
 * Level 0.3 Air Magic
 * Level 3.2 Poison Magic


You had 2 spell levels left.
You knew the following spells:

 Your Spells              Type           Power      Damage    Failure   Level
a - Sting                 Tmut/Pois      36%        1d4       8%          1
b - Summon Small Mammal   Summ           12%        N/A       17%         1
c - Poisonous Vapours     Pois/Air       14%        N/A       14%         2

Your spell library contained the following spells:

 Spells                   Type           Power      Damage    Failure   Level
 Mephitic Cloud           Conj/Pois/Air  5%         N/A       36%         3
 Call Canine Familiar     Summ           3%         N/A       45%         3
 Olgreb's Toxic Radiance  Pois           12%        N/A       47%         4
 Summon Guardian Golem    Hex/Summ       2%         N/A       50%         3
 Anguish                  Hex/Necr       0%         N/A       89%         4
 Enfeeble                 Hex            0%         N/A       100%        7


Dungeon Overview and Level Annotations

Branches:
Dungeon (4/15)             Temple (1/1) D:4

Altars:
Ashenzari
Fedhas
Gozag
Makhleb
Ru
Trog
Uskayaw
Yredelemnul
Zin

Shops:
D:4 *


Innate Abilities, Weirdness & Mutations

You have sharp claws.
You have razor-sharp teeth.
You have supernaturally acute eyesight. (SInv)
You cover ground quickly. (Speed+)
You are covered in fur. (AC +1)
Your paws help you pounce on unaware monsters.
You are incapable of wielding weapons or throwing items.
You cannot wear armour.
You gain extra lives every three experience levels.


Message History

Press: ? - help, Dir - move target, f - adder, p - endoplasm
Aim: an adder Poisonous vapours surround the adder!
The adder is poisoned.
The adder bites you. The endoplasm freezes you.
You are frozen!
You feel a terrible chill!
Ouch! That really hurt!
* * * LOW HITPOINT WARNING * * *
Your rat bites the endoplasm.
You feel better. The adder misses you. The endoplasm freezes you.
You are frozen.
You feel a terrible chill!
Your rat bites the endoplasm.
The adder bites you.
* * * LOW HITPOINT WARNING * * *
The endoplasm closely misses your rat. The adder misses you.
Your rat barely misses the endoplasm.
The endoplasm hits your rat.
The adder looks more healthy.
Your rat bites the endoplasm.
The endoplasm dies!
A red film seems to cover your vision as you go berserk!
You feel yourself moving faster!
You feel mighty! The adder bites you.
* * * LOW HITPOINT WARNING * * *
You are lethally poisoned!
The adder poisons you!
You claw the adder!
You kill the adder!
* * * LOW HITPOINT WARNING * * *
You feel sick.
* * * LOW HITPOINT WARNING * * *
You feel sick.
You see here 5 gold pieces.
You swap places.
You feel a strong urge to attack something.
* * * LOW HITPOINT WARNING * * *
You feel sick.
You are too berserk!
You feel your anger nearly subside.
You are no longer berserk.
You are exhausted.
You feel yourself slow down.
You die...
Your body crumbles into a pile of gold.

#...#.##.#...#....######
#...#.##.#.....#..#
.#......#.##..#....#
#........#.##.......#
#####.##.....###.####
##......#.# .#
#.......#.# .
#.###.#.#.#### #.
#.@..r$..#
........$.####.#
#.#.####..# .# $ #....
.# #.##.# .# #.# .# .#
#.. . .# ##. ..## $


You could see a friendly rat (summoned).

Vanquished Creatures
  2 adders
  2 worms (D:4)
  2 bats
  An endoplasm (D:4)
  2 goblins (D:2)
  A hobgoblin (D:4)
  3 jackals (D:4)
  A quokka (D:3)
  A ball python (D:1)
  A frilled lizard (D:3)
  2 kobolds
  A rat (D:2)
19 creatures vanquished.

Vanquished Creatures (collateral kills)
  An endoplasm (D:3)
1 creature vanquished.

Grand Total: 20 creatures vanquished

Notes
Turn   | Place    | Note
-------+----------+-------------------------------------------
     0 | D:1      | Senryu the Felid Venom Mage began the quest for the Orb.
     0 | D:1      | Reached XP level 1. HP: 7/7 MP: 4/4
   233 | D:3      | Learned a level 1 spell: Summon Small Mammal
   309 | D:4      | Reached XP level 2. HP: 11/11 MP: 0/6
   370 | D:4      | Learned a level 2 spell: Poisonous Vapours
   514 | D:4      | Found Saenwaaq's Overcharged Wands.
   700 | D:4      | Found a staircase to the Ecumenical Temple.
   733 | Temple   | Entered the Ecumenical Temple
  1042 | Temple   | Became a worshipper of Ru the Awakened
  1109 | D:4      | Reached XP level 3. HP: 10/14 MP: 0/7
  1280 | D:4      | Found an opulent altar of Gozag.
  1305 | D:4      | Fell from the grace of Ru
  1305 | D:4      | Became a worshipper of Gozag Ym Sagoz the Greedy
  1400 | D:4      | Found a burning altar of Makhleb.
  1591 | D:3      | HP: 1/22 [poisoned by an adder]
  1593 | D:3      | Succumbed to an adder's poison

Illustrated notes

Levels and vault maps discovered:
D:1:      lightli_arrival_windingriver, layout_basic, serial_co_window_serial,
          co_window_corner_a, co_window_paths_b, co_window_paths_b,
          co_window_paths_a, co_window_corner_a, co_window_unsneaky_path_b,
          co_window_unsneaky_path_b, co_window_unsneaky_path_a,
          co_window_of_opportunity_b, co_window_broadway_c,
          co_window_broadway_a, co_window_paths_d, glass_columns_a,
          glass_columns_a, glass_columns_a
D:2:      layout_basic, minmay_randomly_rotated_circles
D:3:      layout_loops_cross, shapermc_ecumenical_altar_pompeii,
          bh_walls_and_bars
D:4:      layout_basic, nicolae_gozag_seed_capital, kennysheep_mini,
          minmay_temple_entry_antechambers, nicolae_shop_overcharged_wands
Temple:   nicolae_temple_bog_church

Skill      XL: |  1  2  3 |
---------------+----------+-----
Poison Magic   | 3 |  3.2
Dodging        | 3 |  3.0
Fighting       | |  0.3
Stealth        | |  2.8
Unarmed Combat | |  0.5
Spellcasting   | |  2.3
Summonings     | |  0.4
Transmutations | |  1.3
Air Magic      | |  0.3

Action                   || total
-------------------------++-------
Melee: Unarmed           ||    19
       Bite              ||     4
       Punch             ||     1
 Cast: Sting             ||    19
       Poisonous Vapours ||    11
       Summon Small Mamm ||     2
  Use: Potion            ||     3
       Scroll            ||     2
 Stab: Sleeping          ||     2
Armor: Skin              ||     2
Dodge: Dodged            ||    46
